 Dungeon Crawl Stone Soup version 0.30-a0-739-gea05faddec (webtiles) character file.

Game seed: 3109519924775762076

1882598 Flugkiller the Stormcaller (level 26, 215/215 HPs)
             Began as an Octopode Transmuter on Feb 4, 2023.
             Was a High Priest of Ashenzari.
             Escaped with the Orb
             ... and 3 runes!
             The game lasted 02:19:50 (53342 turns).

Flugkiller the Stormcaller (Octopode Transmuter)   Turns: 53342, Time: 02:19:51

Health: 215/215    AC: 29    Str: 18    XL:     26   Next: 87%
Magic:  29/35      EV: 53    Int: 22    God:    Ashenzari [*****.]
Gold:   4901       SH:  0    Dex: 26    Spells: 5/50 levels left

rFire   . . .      SeeInvis +      - Unarmed
rCold   + . .      Faith    .    (shield currently unavailable)
rNeg    . . .      Spirit   .    (helmet currently unavailable)
rPois   ∞          Reflect  .    b - amulet "All-seeing Fetters" {RegenMP Str+7, Elem, Comp} (curse)
rElec   +          Harm     .    v - +5 ring of evasion
rCorr   .          Rampage  .    j - ring of Ashenzari's Regret {Slay+4, Cun, Melee} (curse)
Will    ++...      Clarity  +    Y - ring of Toth-Mos's Legacy {EV+5, Cun, Melee} (curse)
Stlth   ++                       N - ring "Bound Doubts" {Will+, Alch, Cun} (curse)
HPRegen 0.55/turn                g - ring "Esaggin" {rC+ AC+4 Dex+4}
MPRegen 0.64/turn                E - ring of Ashenzari's Stars {Slay+4, Cun, Alch} (curse)
                                 a - ring "Cosmic Disappointment" {AC+4, Comp, Elem} (curse)
                                 C - ring "Cursed Together" {Dex+6, Alch, Bglg} (curse)

@: storm-form, flying, studying Shields
A: cleaving, insubstantial, flying, almost no armour, amphibious, 8 rings,
(camouflage 1), (gelatinous body 1), (nimble swimmer 1), (tentacles), low MP 1,
robust 1
0: Orb of Zot
}: 3/15 runes: barnacled, silver, gossamer
a: Blinkbolt, End Transformation, Renounce Religion, Curse Item, Shatter the
Chains


You escaped.
You worshipped Ashenzari.
Ashenzari was extremely pleased with you.
You were a lightning-filled tempest!
You visited 9 branches of the dungeon, and saw 47 of its levels.
You visited 1 bazaar.
You also visited: Bailey, Gauntlet, Ice Cave, Volcano and Desolation.

You collected 7518 gold pieces.
You spent 2617 gold pieces at shops.

Inventory:

Missiles
 D - 14 curare-tipped darts
 X - 8 throwing nets
Armour
 W - the cursed +0 buckler of Panopticon (melded) {rC+, Cun, Melee}
   (You found it in an ice cave)

   It has a curse which improves the following skills: Cunning: Dodging and
   Stealth.
   Melee Combat: Short Blades, Long Blades, Axes, Maces & Flails, Polearms,
   Staves and Unarmed Combat.
Magical Staves
 K - a cursed staff of air (melded) {Comp, Elem}
   (You found it on level 3 of the Lair of Beasts)
Jewellery
 a - the cursed ring "Cosmic Disappointment" (on tentacle) {AC+4, Comp, Elem}
   (You found it in a Gauntlet)

   [ring of protection]

   AC:        It affects your AC (+4).
   It has a curse which improves the following skills: Companions: Summonings
   and Necromancy.
   Elements:  Fire Magic, Ice Magic, Air Magic and Earth Magic.
 b - the cursed amulet "All-seeing Fetters" (around neck) {RegenMP Str+7, Elem, Comp}
   (You took it off a vampire on level 11 of the Dungeon)

   [amulet of magic regeneration]

   It increases your rate of magic regeneration.
   Str:       It affects your strength (+7).
   It has a curse which improves the following skills: Elements: Fire Magic, Ice
   Magic, Air Magic and Earth Magic.
   Companions: Summonings and Necromancy.
 c - a ring of protection from cold
   (You found it on level 4 of the Shoals)
 g - the ring "Esaggin" (on tentacle) {rC+ AC+4 Dex+4}
   (You found it in the Desolation of Salt)

   [ring of protection]

   AC:        It affects your AC (+4).
   Dex:       It affects your dexterity (+4).
   rC:        It protects you from cold.
 j - the cursed ring of Ashenzari's Regret (right tentacle) {Slay+4, Cun, Melee}
   (You found it on level 2 of the Dungeon)

   [ring of slaying]

   Slay:      It affects your accuracy & damage with ranged weapons and melee
   (+4).
   It has a curse which improves the following skills: Cunning: Dodging and
   Stealth.
   Melee Combat: Short Blades, Long Blades, Axes, Maces & Flails, Polearms,
   Staves and Unarmed Combat.
 m - a ring of willpower
   (You found it on level 4 of the Shoals)
 v - a +5 ring of evasion (left tentacle)
   (You bought it in a shop on level 2 of the Orcish Mines)
 C - the cursed ring "Cursed Together" (on tentacle) {Dex+6, Alch, Bglg}
   (You bought it in a shop on level 2 of the Orcish Mines)

   [ring of dexterity]

   Dex:       It affects your dexterity (+6).
   It has a curse which improves the following skills: Alchemy: Poison Magic and
   Transmutations.
   Beguiling: Conjurations, Hexes and Translocations.
 E - the cursed ring of Ashenzari's Stars (on tentacle) {Slay+4, Cun, Alch}
   (You found it on level 5 of the Dungeon)

   [ring of slaying]

   Slay:      It affects your accuracy & damage with ranged weapons and melee
   (+4).
   It has a curse which improves the following skills: Cunning: Dodging and
   Stealth.
   Alchemy:   Poison Magic and Transmutations.
 L - a +5 ring of evasion
   (You found it on level 1 of the Depths)
 N - the cursed ring "Bound Doubts" (on tentacle) {Will+, Alch, Cun}
   (You found it on level 4 of the Dungeon)

   [ring of willpower]

   Will:      It increases your willpower.
   It has a curse which improves the following skills: Alchemy: Poison Magic and
   Transmutations.
   Cunning:   Dodging and Stealth.
 P - a +6 ring of dexterity
   (You found it in a Gauntlet)
 Q - a +6 ring of intelligence
   (You found it on level 5 of the Realm of Zot)
 Y - the cursed ring of Toth-Mos's Legacy (on tentacle) {EV+5, Cun, Melee}
   (You found it on level 2 of the Spider Nest)

   [ring of evasion]

   EV:        It affects your evasion (+5).
   It has a curse which improves the following skills: Cunning: Dodging and
   Stealth.
   Melee Combat: Short Blades, Long Blades, Axes, Maces & Flails, Polearms,
   Staves and Unarmed Combat.
Wands
 e - a wand of mindburst (21)
   (You found it in an ice cave)
 p - a wand of paralysis (51)
   (You took it off a kobold on level 3 of the Dungeon)
 F - a wand of quicksilver (19)
   (You took it off a kobold on level 9 of the Dungeon)
 O - a wand of digging (21)
   (You found it on level 3 of the Lair of Beasts)
 R - a wand of iceblast (36)
   (You found it on level 7 of the Dungeon)
Scrolls
 f - 6 scrolls of magic mapping
 l - 7 scrolls of immolation
 r - 9 scrolls of vulnerability
 t - 16 scrolls of teleportation
 x - 12 scrolls of fear
 y - 12 scrolls of poison
 z - 9 scrolls of blinking
 H - 6 scrolls of fog
 I - 2 scrolls of amnesia
 T - 3 scrolls of summoning
 U - 3 scrolls of silence
Potions
 d - 5 potions of might
 h - 4 potions of haste
 i - 4 potions of magic
 k - 12 potions of ambrosia
 n - 5 potions of resistance
 o - 5 potions of invisibility
 q - 30 potions of curing
 s - 5 potions of berserk rage
 u - 6 potions of cancellation
 w - 16 potions of heal wounds
 A - 12 potions of attraction
 B - 10 potions of mutation
 V - 11 potions of brilliance
Miscellaneous
 G - a phial of floods
   (You found it on level 9 of the Dungeon)
 J - a condenser vane
   (You found it on level 3 of the Elven Halls)
 M - a tin of tremorstones (2/2)
   (You found it on level 1 of the Lair of Beasts)
 Z - a phantom mirror
   (You found it on level 4 of the Shoals)


   Skills:
 - Level 20.0 Fighting
 - Level 14.5(20.0) Dodging
 - Level 3.3(7.8) Stealth
 - Level 18.0(21.2) Unarmed Combat
 - Level 12.7 Spellcasting
 - Level 4.8(7.0) Conjurations
 - Level 12.6(16.0) Summonings
 - Level 12.7(15.0) Translocations
 + Level 19.9(24.1) Transmutations
 - Level 5.0(8.3) Ice Magic
 + Level 20.3(23.4) Air Magic
 - Level 5.6(10.0) Poison Magic
 - Level 12.0 Evocations


You had 5 spell levels left.
You knew the following spells:

 Your Spells              Type           Power      Damage    Failure   Level
a - Storm Form            Tmut/Air       43%        N/A       1%          7
b - Wereblood             Tmut           88%        N/A       0%          2
c - Dragon Form           Tmut           44%        N/A       1%          7
d - Manifold Assault      Tloc           68%        N/A       1%          4
e - Malign Gateway        Summ/Tloc      35%        N/A       7%          7
g - Vhi's Electric Charg  Tloc/Air       100%       N/A       0%          3
h - Passage of Golubria   Tloc           68%        N/A       1%          4
i - Irradiate             Conj/Tmut      35%        3d23      1%          5
I - Dispersal             Tloc           34%        N/A       1%          6

Your spell library contained the following spells:

 Spells                   Type           Power      Damage    Failure   Level
 Apportation              Tloc           100%       N/A       0%          1
 Beastly Appendage        Tmut           100%       N/A       0%          1
 Sting                    Tmut/Pois      100%       1d8       0%          1
 Summon Small Mammal      Summ           100%       N/A       0%          1
 Blink                    Tloc           100%       N/A       0%          2
 Call Imp                 Summ           71%        N/A       0%          2
 Lesser Beckoning         Tloc           100%       N/A       0%          2
 Poisonous Vapours        Pois/Air       100%       N/A       0%          2
 Spider Form              Tmut/Pois      73%        N/A       0%          3
 Swiftness                Air            87%        N/A       0%          3
 Airstrike                Air            43%        2d(7-23)  0%          4
 Summon Lightning Spire   Summ/Air       79%        N/A       0%          4
 Blade Hands              Tmut           44%        N/A       0%          5
 Foxfire                  Conj/Fire      100%       2x1d9     1%          1
 Freeze                   Ice            100%       1d10      1%          1
 Kiss of Death            Conj/Necr      100%       2d13      1%          1
 Magic Dart               Conj           100%       1d8       1%          1
 Cigotuvi's Dreadful Rot  Necr/Pois/Air  100%       N/A       1%          2
 Ensorcelled Hibernation  Hex/Ice        66%        N/A       1%          2
 Momentum Strike          Conj/Tloc      100%       3d10      1%          2
 Passwall                 Tmut/Erth      51%        N/A       1%          2
 Searing Ray              Conj           90%        2d7       1%          2
 Frozen Ramparts          Ice            100%       1d16      1%          3
 Gell's Gravitas          Tloc           68%        N/A       1%          3
 Hailstorm                Conj/Ice       47%        3d11      1%          3
 Ignite Poison            Fire/Tmut/Pois 59%        N/A       1%          3
 Kindle Blastsparks       Fire/Tloc/Air  100%       2d18      1%          3
 Mephitic Cloud           Conj/Pois/Air  65%        N/A       1%          3
 Summon Guardian Golem    Hex/Summ       49%        N/A       1%          3
 Teleport Other           Tloc           68%        N/A       1%          3
 Ice Form                 Ice/Tmut       71%        N/A       1%          4
 Olgreb's Toxic Radiance  Pois           55%        N/A       1%          4
 Petrify                  Tmut/Erth      62%        N/A       1%          4
 Summon Ice Beast         Ice/Summ       61%        N/A       1%          4
 Arcjolt                  Conj/Air       34%        1d44      1%          5
 Lightning Bolt           Conj/Air       34%        1d52      1%          5
 Silence                  Hex/Air        30%        N/A       1%          5
 Summon Forest            Summ/Tloc      35%        N/A       1%          5
 Yara's Violent Unravell  Hex/Tmut       30%        3d13      1%          5
 Necrotise                Necr           64%        1d7       3%          1
 Sandblast                Erth           32%        2d9       3%          1
 Dazzling Flash           Conj/Hex       60%        N/A       3%          3
 Stone Arrow              Conj/Erth      60%        3d10      3%          3
 Slow                     Hex            60%        N/A       4%          1
 Summon Mana Viper        Hex/Summ       49%        N/A       4%          5
 Sublimation of Blood     Necr           16%        N/A       5%          2
 Flame Wave               Conj/Fire      30%        2d9       10%         4
 Fulminant Prism          Conj/Hex       15%        3d10      10%         4
 Sticky Flame             Conj/Fire      30%        2d5       10%         4
 Vampiric Draining        Necr           16%        2d7       11%         3
 Confusing Touch          Hex            15%        N/A       12%         3
 Inner Flame              Hex/Fire       15%        N/A       12%         3
 Tukima's Dance           Hex            15%        N/A       12%         3
 Fireball                 Conj/Fire      15%        3d8       26%         5
 Anguish                  Hex/Necr       7%         N/A       36%         4
 Animate Dead             Necr           16%        N/A       36%         4
 Dispel Undead            Necr           16%        3d10      36%         4
 Leda's Liquefaction      Hex/Erth       7%         N/A       36%         4
 Agony                    Necr           16%        N/A       71%         5
 Borgnjor's Vile Clutch   Necr/Erth      8%         N/A       71%         5
 Eringya's Noxious Bog    Tmut/Pois      36%        N/A       1%          6
 Summon Cactus Giant      Summ           35%        N/A       1%          6
 Maxwell's Capacitive Co  Air            43%        ∞         1%          8
 Monstrous Menagerie      Summ           35%        N/A       5%          7
 Summon Hydra             Summ           35%        N/A       5%          7
 Disjunction              Tloc           34%        N/A       54%         8
 Ozocubu's Refrigeration  Ice            25%        4d13      77%         7
 Haunt                    Necr/Summ      25%        N/A       78%         7
 Iron Shot                Conj/Erth      15%        9d4       83%         6
 Starburst                Conj/Fire      15%        6d6       83%         6
 Death Channel            Necr           8%         N/A       99%         6
 Enfeeble                 Hex            7%         N/A       100%        7
 Ignition                 Fire           8%         3d5       100%        8
 Infestation              Necr           8%         N/A       100%        8
 Lehudib's Crystal Spear  Conj/Erth      15%        10d5      100%        8
 Chain Lightning          Conj/Air       34%        3d46      100%        9
 Death's Door             Necr           8%         N/A       100%        9
 Fire Storm               Conj/Fire      15%        8d4       100%        9
 Shatter                  Erth           8%         3d10*     100%        9
 Animate Armour           Summ/Erth      Unusable   N/A       N/A         4

Dungeon Overview and Level Annotations

Branches:
Dungeon (15/15)            Temple (0/1) D:7            Lair (5/5) D:9
 Shoals (4/4) Lair:3       Spider (4/4) Lair:3        Slime (0/5) Lair:5
    Orc (2/2) D:11            Elf (3/3) Orc:2        Vaults (5/5) D:14
  Crypt (0/3) Vaults:3     Depths (4/4) D:15            Zot (5/5) Depths:4
 Bailey (visited)           IceCv (visited)         Volcano (visited)
Desolation (visited)      Gauntlet (visited)

Altars:
Ashenzari
Cheibriados
Kikubaaqudgha
Okawaru
Ru
Trog
Yredelemnul

Shops:
D:3 (   D:11 [   Orc:2 [=[(*   Elf:3 ((=:   Shoals:3 (   Vaults:3 ?!?[*
Depths:1 (:*   Depths:4 ?=:=

Portals:
Hell: Depths:1 Depths:2 Depths:3 Depths:4
Abyss: Depths:2 Depths:3
Pandemonium: Depths:1 Depths:2 Depths:3
Ziggurat: Depths:4

Annotations:
D:5 3 runed translucent doors, exclusions: ogre and water moccasin, bezhaha's ghost, amateur OgWr; tabbu's ghost, novice MiFi
D:7 3 runed translucent doors, toympanos's ghost, novice SpEE
D:8 1 runed translucent door, Decipherer's ghost, novice MiBe
D:9 1 runed translucent door
D:13 Rupert
Lair:1 2 transporters, Smoky173's ghost, journeyman DsBe
Spider:2 1 runed translucent door, Regoshi's ghost, adept DsGl
Elf:2 5 runed translucent doors
Zot:5 1 exclusion


Innate Abilities, Weirdness & Mutations

You are a lightning-filled tempest!
Your electrical attacks strike out in all directions at once.
You are incredibly evasive.
Your insubstantial body is immune to petrification, constriction, and being set on fire You are flying.
You are immune to poison.
Your armour is entirely melded.
You are incapable of wielding weapons or throwing items.
You cannot wear most types of armour.
You are amphibious.
You can wear up to eight rings at the same time.
((Your skin changes colour to match your surroundings (Stealth+).))
((Your rubbery body absorbs attacks. (AC +1, EV +1)))
((You are camouflaged when in or above water. (Stealth+)))
((You have tentacles for arms and can constrict up to eight enemies at once.))
Your magical capacity is low. (-10% MP)
You are robust. (+10% HP)


Message History

Level annotation: 1 runed translucent door, exclusion: two-headed ogre
(D) Dungeon (T) Temple (L) Lair (A) Shoals (N) Spider Nest (M) Slime Pits (O) Orcish Mines (E) Elven Halls (V) Vaults (C) Crypt (U) Depths (H) Hell (Z) Zot
Where to? (Enter - D:1 @ (x,y), ? - help) Magic restored.
HP restored.
A Biaz and a hellwing come into view.
Your transformation is almost over.
The hellwing gives a chilling moan.
There is an escape hatch in the ceiling here.
Biaz gestures.
A mysterious force pulls you upwards. The hatch slams shut behind you.
Level annotation: 1 runed translucent door, Decipherer's ghost, novice MiBe
(D) Dungeon (T) Temple (L) Lair (A) Shoals (N) Spider Nest (M) Slime Pits (O) Orcish Mines (E) Elven Halls (V) Vaults (C) Crypt (U) Depths (H) Hell (Z) Zot
Where to? (Enter - D:1 @ (x,y), ? - help)
Your transformation has ended.
Your cursed staff of air {Comp, Elem} unmelds from your body.
The cursed +0 buckler of Panopticon {rC+, Cun, Melee} unmelds from your body.
You feel resistant to cold.
There is a stone staircase leading up here.
You climb upwards.
Level annotation: 3 runed translucent doors, toympanos's ghost, novice SpEE
There is a stone staircase leading down here.
Toympanos's ghost turns its malevolent gaze towards you.
A shadow demon comes into view.
Casting: Vhi's Electric Charge (safe; 0% risk of failure)
Confirm with . or Enter, or press ? or * to list all spells.
You feel a surge of power!
You turn into a lightning-filled tempest!
Your cursed staff of air {Comp, Elem} melds into your body.
The cursed +0 buckler of Panopticon {rC+, Cun, Melee} melds into your body.
You feel less resistant to cold.
The shadow demon gestures.
Casting: Storm Form (mildly dangerous; 1% risk of failure)
Confirm with . or Enter, or press ? or * to list all spells.
Charge where?
Press: ? - help, Dir - move target, f - shadow demon
Aim: a shadow demon (94% to hit)
You charge forward with an electric crackle!
You blast the shadow demon and electrocute it!!!!
You kill the shadow demon!
The sky beast dissolves into shadows!
(D) Dungeon (T) Temple (L) Lair (A) Shoals (N) Spider Nest (M) Slime Pits (O) Orcish Mines (E) Elven Halls (V) Vaults (C) Crypt (U) Depths (H) Hell (Z) Zot
Where to? (Enter - D:1 @ (x,y), ? - help) Magic restored.
There is a stone staircase leading up here.
You fly upwards.
There is a stone staircase leading down here.
There is an open door here.
There is a stone staircase leading up here.
You fly upwards.
Level annotation: 3 runed translucent doors, exclusions: ogre and water moccasin, bezhaha's ghost, amateur OgWr; tabbu's ghost, novice MiFi
There is a stone staircase leading down here.
There is a stone staircase leading up here.
You fly upwards.
There is a stone staircase leading down here.
An Orb Guardian comes into view.
The Orb Guardian moves out of view.
There is a stone staircase leading up here.
You fly upwards.
There is a stone staircase leading down here.
(D) Dungeon (T) Temple (L) Lair (A) Shoals (N) Spider Nest (M) Slime Pits (O) Orcish Mines (E) Elven Halls (V) Vaults (C) Crypt (U) Depths (H) Hell (Z) Zot
Where to? (Enter - D:1 @ (x,y), ? - help)
You see here a +0 halberd.
There is a stone staircase leading up here.
You fly upwards.
There is a stone staircase leading down here.
Your transformation is almost over.
There is a stone staircase leading up here.
You fly upwards.
There is a stone staircase leading down here.
Your transformation has ended.
Your cursed staff of air {Comp, Elem} unmelds from your body.
The cursed +0 buckler of Panopticon {rC+, Cun, Melee} unmelds from your body.
You feel resistant to cold.
A lorocyproca comes into view.
There is an open gate here.
Unknown command.
There is an open gate here.
There is a staircase leading out of the dungeon here.
Casting: Vhi's Electric Charge (safe; 0% risk of failure)
Confirm with . or Enter, or press ? or * to list all spells.
You feel a surge of power!
You turn into a lightning-filled tempest!
Your cursed staff of air {Comp, Elem} melds into your body.
The cursed +0 buckler of Panopticon {rC+, Cun, Melee} melds into your body.
You feel less resistant to cold.
Enter note: gg You have escaped!

...#####...................#
....)..+...................#
...#####...........#########
...### #...........######
.....######........'....#
..##.....##........####.#
..##.....>......#### #.#
........#.########## #.#
........#.# #..v..# #.#
........#.# ##...## #.#
........#.####.###.# #.#
.............#8''{8# #.#
..........##.###.######.#
..........2..# #........#
.............# #........#
###..........###........####
.##......#.....#2..........#


There were no monsters in sight!

Vanquished Creatures
  A dread lich (Zot:5)
  3 ancient liches
  Mara (Spider:4)
  4 orbs of fire (Zot:5)
  Sojobo (Depths:1)
  3 Killer Klowns (Zot:5)
  Boris (Vaults:4)
  Bai Suzhen (Shoals:3)
  4 curse toes
  Saint Roka (Depths:1)
  3 golden dragons
  A caustic shrike (Depths:3)
  2 doom hounds (Depths:3)
  2 bone dragons
  The ghost of Corraure the Unseen, an adept FoFi of Okawaru (Vaults:3)
  3 Tzitzimimeh (Depths:3)
  An electric golem (Zot:5)
  19 Orb Guardians
  A Hell Sentinel (D:12)
  Zenata (Elf:1)
  10 tentacled monstrosities
  Jorgrun (Spider:2)
  A walking crystal tome (Depths:3)
  Grunn (Depths:3)
  4 liches
  A walking frostbound tome (Depths:3)
  2 deep elf blademasters (Elf:3)
  A quicksilver dragon (Vaults:5)
  5 titans
  Polyphemus (Shoals:4)
  2 death cobs
  2 deep elf master archers (Elf:3)
  4 sphinxes
  An Executioner (Depths:2)
  2 krakens
  7 shadow dragons
  14 storm dragons
  2 draconian monks
  6 tengu reavers
  A demonspawn warmonger (D:10)
  10 fire giants
  2 iron dragons
  8 emperor scorpions
  A balrug (Depths:1)
  2 draconian scorchers
  6 frost giants
  3 deep elf sorcerers (Elf:3)
  14 vault wardens
  An imperial myrmidon (Desolation)
  A draconian shifter (Depths:4)
  7 ghost moths
  A draconian stormcaller (Zot:4)
  A quicksilver ooze (Gauntlet)
  2 spriggan defenders (Depths:3)
  4 reapers
  2 orc warlords
  3 broodmothers
  3 deep elf elementalists (Elf:3)
  10 stone giants
  18 very ugly things
  4 war gargoyles (Vaults:5)
  2 vampire knights
  12 ironbound thunderhulks
  13 ironbound preservers
  2 draconian annihilators
  5 green draconians
  2 black draconians
  Azrael (Elf:1)
  8 deep elf demonologists
  A yellow draconian (Zot:5)
  A putrid mouth (Depths:3)
  4 red draconians
  3 white draconians
  12 dire elephants
  7 deep elf annihilators
  A minotaur (Gauntlet)
  2 halazid warlocks (Desolation)
  6 spark wasps
  2 purple draconians
  9 deep elf death magi
  A green death (Depths:2)
  3 blizzard demons
  Josephine (Shoals:1)
  18 ettins
  16 yaktaur captains
  2 merfolk javelineers (Shoals:4)
  8 fire dragons
  8 deep elf high priests
  8 entropy weavers
  8 crystal guardians
  5 merfolk impalers
  6 ragged hierophants
  4 rakshasas
  Erolcha (D:9)
  10 servants of whispers (Desolation)
  A hell beast (Depths:1)
  35 vault guards
  4 peacekeepers (Desolation)
  7 great orbs of eyes
  15 ice dragons
  A caustic shrike simulacrum (IceCv)
  An ogre mage (Vaults:5)
  4 radroaches
  A catoblepas (Shoals:4)
  5 hydras
  Erica (D:9)
  2 spriggan air magi
  5 centaur warriors
  2 jorogumos
  2 merfolk avatars
  2 alligator snapping turtles
  6 merfolk aquamancers
  14 boulder beetles
  12 two-headed ogres
  11 ironbound frosthearts
  17 dancing weapons
  3 deep troll shamans (Depths:4)
  A satyr (Shoals:4)
  24 death yaks
  A titan zombie (Depths:3)
  5 tengu warriors
  Urug (Lair:5)
  8 deep troll earth magi
  An orc high priest (Orc:2)
  4 spriggan berserkers
  A spectral dire elephant (Lair:5)
  Sonja (Lair:3)
  13 deep elf knights
  3 soul eaters (Depths:1)
  4 iron trolls
  5 sun moths
  12 hell knights
  A shock serpent (shapeshifter) (Elf:2)
  A spectral death yak (Lair:5)
  2 sun demons (Depths:1)
  Lodul (D:10)
  7 skeletal warriors
  9 pharaoh ants
  10 sea snakes
  5 glowing orange brains
  A storm dragon skeleton (Depths:3)
  2 shadow wraiths (Vaults:5)
  62 deep trolls
  A shadow demon (D:7)
  10 orb spiders
  A spectral anaconda (Lair:5)
  3 obsidian statues
  4 flayed ghosts
  2 orange crystal statues
  A bog body (IceCv)
  5 spriggan simulacra (IceCv)
  7 wizards
  Pikel (D:9)
  8 necromancers
  6 phantasmal warriors
  16 deep elf archers
  22 ironbound convokers
  10 orc knights
  A sphinx zombie (Depths:3)
  13 lindwurms
  9 steelbarb worms
  36 deep elf pyromancers
  19 wolf spiders
  34 harpies
  6 moths of wrath
  38 ugly things
  30 deep elf zephyrmancers
  4 orc sorcerers
  14 fauns
  9 cyclopes
  16 manticores
  12 elephants (Lair:5)
  2 salamanders (Volcano)
  2 guardian serpents (shapeshifter)
  2 molten gargoyles (Desolation)
  12 merfolk sirens
  5 guardian serpents (Desolation)
  6 black mambas
  2 smoke demons
  6 water nymphs
  8 torpor snails
  11 demonic crawlers
  16 vault sentinels
  2 orange demons (Depths:2)
  A torpor snail (shapeshifter) (Elf:1)
  8 cane toads
  2 tormentors
  2 efreet
  4 rime drakes
  A golden dragon simulacrum (IceCv)
  19 komodo dragons
  A kobold demonologist (D:11)
  13 ice devils
  A freezing wraith (Vaults:4)
  43 yaktaurs
  2 anaconda simulacra (IceCv)
  6 trolls
  4 tengu conjurers
  5 meliai (Spider:4)
  10 wind drakes
  A polar bear (Lair:2)
  21 tarantellas
  34 merfolk
  5 hornets
  A queen bee (Lair:1)
  61 saltlings
  12 snapping turtles
  53 slime creatures
  A spectral elephant (Lair:5)
  5 dream sheep (Lair:5)
  14 blink frogs
  22 jumping spiders
  22 culicivoras
  A ynoxinul (Depths:1)
  5 flying skulls (Gauntlet)
  4 shadows
  24 water elementals
  12 wraiths
  4 dire elephant simulacra
  13 fire elementals
  2 air elementals
  4 basilisks
  2 vampires (D:11)
  5 wyverns
  63 yaks
  7 fire bats (Volcano)
  A hog (shapeshifter) (D:14)
  2 chaos spawn (Depths:1)
  3 neqoxecs
  8 steam dragons
  14 minotaur simulacra
  61 redbacks
  A redback (shapeshifter) (Vaults:3)
  9 vampire mosquitoes
  3 death yak simulacra (Lair:5)
  3 harpy simulacra
  6 wargs
  An acid dragon (D:11)
  2 hydra simulacra (IceCv)
  3 hell hounds (Elf:1)
  A spectral cane toad (Lair:5)
  12 water moccasins
  2 ice beasts (D:7)
  An ettin simulacrum (Vaults:3)
  32 orc warriors
  4 alligator simulacra (IceCv)
  3 sky beasts
  A black bear (shapeshifter) (D:14)
  4 boggarts
  An elephant zombie (Lair:5)
  21 ogres
  23 centaurs
  An elephant skeleton (Lair:5)
  A phantom (D:6)
  A lemure (D:9)
  Blork the orc (Orc:2)
  4 kobold brigands
  14 bullfrogs
  7 deep troll simulacra
  6 necrophages
  5 earth elementals
  A gnoll sergeant (D:9)
  7 scorpions
  4 wights (D:8)
  An elephant simulacrum (Lair:5)
  33 killer bees
  2 lindwurm simulacra (IceCv)
  A vampire bat (D:6)
  7 howler monkeys
  A jelly (D:5)
  3 hounds
  A human zombie (D:9)
  20 orc priests
  An iguana (D:5)
  24 orc wizards
  5 hell rats (Lair:2)
  5 gnolls
  10 adders
  4 shadow imps
  A white imp (D:5)
  An ufetubus (D:4)
  A worm (D:2)
  2 dart slugs
  64 orcs
  6 ball pythons
  4 endoplasms
  7 giant cockroaches
  8 goblins
  5 hobgoblins
  4 jackals (D:1)
  16 kobolds
  2 quokkas
  16 bats
  2 frilled lizards (D:1)
  A jackal skeleton (D:9)
  7 rats
2224 creatures vanquished.

Vanquished Creatures (others)
  A lich (Depths:2)
  An ice dragon (Depths:2)
  A deep elf pyromancer (Elf:1)
  A deep elf zephyrmancer (Elf:2)
  An ugly thing (Depths:2)
  An orc wizard (D:7)
  An orc (D:7)
  A bush (Lair:5)
  12 demonic plants (Gauntlet)
  23 fungi
  120 plants
  4 tentacles (Shoals:3)
  17 withered plants (Lair:5)
184 creatures vanquished.

Grand Total: 2408 creatures vanquished

Notes
Turn   | Place    | Note
-------+----------+-------------------------------------------
     0 | D:1      | Flugkiller the Octopode Transmuter began the quest for the
                  | Orb.
     0 | D:1      | Reached XP level 1. HP: 13/13 MP: 3/3
    18 | D:1      | Reached skill level 1 in Stealth
    96 | D:1      | Reached XP level 2. HP: 18/18 MP: 3/5
   339 | D:1      | Found a faded altar of an unknown god.
   590 | D:1      | Reached XP level 3. HP: 24/24 MP: 6/6
   825 | D:2      | Reached skill level 1 in Poison Magic
  1029 | D:2      | Reached XP level 4. HP: 29/29 MP: 5/7
  1332 | D:2      | Learned a level 2 spell: Wereblood
  1336 | D:2      | Learned a level 3 spell: Spider Form
  1593 | D:3      | Noticed a bullfrog
  1696 | D:3      | Found Omaip's Weapon Shop.
  1869 | D:3      | Killed a bullfrog
  1870 | D:3      | Reached XP level 5. HP: 26/34 MP: 6/9
  2535 | D:4      | Identified the +4 scale mail of Vanity {Harm Str+3 SInv}
  2603 | D:4      | Reached skill level 1 in Evocations
  2603 | D:4      | Reached XP level 6. HP: 36/39 MP: 10/10
  3140 | D:5      | Entered Level 5 of the Dungeon
  3149 | D:5      | Noticed a water moccasin
  3183 | D:5      | Found a runed translucent gate.
  3184 | D:5      | Found a runed translucent gate.
  3185 | D:5      | Found a runed translucent gate.
  3186 | D:5      | Noticed tabbu's ghost (novice MiFi)
  3187 | D:5      | Noticed bezhaha's ghost (amateur OgWr)
  3329 | D:5      | Found a broken altar of Ashenzari.
  3332 | D:5      | Became a worshipper of Ashenzari the Shackled
  3552 | D:5      | Found an iron altar of Okawaru.
  3558 | D:5      | Reached XP level 7. HP: 43/45 MP: 11/11
  4001 | D:5      | Learned a level 4 spell: Ice Form
  4606 | D:6      | Found a snail-covered altar of Cheibriados.
  4658 | D:6      | Reached * piety under Ashenzari
  4917 | D:6      | Reached XP level 8. HP: 39/54 MP: 14/14
  5118 | D:6      | Reached skill level 5 in Evocations
  5756 | D:7      | Found a runed translucent gate.
  5756 | D:7      | Found a runed translucent gate.
  5757 | D:7      | Found a runed translucent gate.
  5758 | D:7      | Noticed toympanos's ghost (novice SpEE)
  5767 | D:7      | Reached skill level 5 in Unarmed Combat
  5780 | D:7      | Found a flagged portal.
  5801 | Bailey   | Entered a bailey
  5819 | Bailey   | Reached skill level 5 in Dodging
  5916 | Bailey   | Reached XP level 9. HP: 62/62 MP: 16/16
  5933 | Bailey   | Reached skill level 1 in Ice Magic
  6256 | D:6      | Learned a level 3 spell: Frozen Ramparts
  6261 | D:7      | Found a staircase to the Ecumenical Temple.
  6275 | D:7      | Reached ** piety under Ashenzari
  6514 | D:7      | Reached skill level 5 in Transmutations
  6708 | D:8      | Reached skill level 5 in Fighting
  6923 | D:8      | Found a runed translucent door.
  6924 | D:8      | Noticed Decipherer's ghost (novice MiBe)
  6924 | D:8      | Noticed a four-headed hydra
  7199 | D:8      | Reached XP level 10. HP: 68/71 MP: 19/19
  7447 | D:8      | Reached skill level 5 in Ice Magic
  7987 | D:9      | Noticed a two-headed ogre
  7999 | D:9      | Reached *** piety under Ashenzari
  8012 | D:9      | Found a staircase to the Lair.
  8012 | D:9      | Noticed Erica
  8141 | D:9      | Killed Erica
  8511 | D:9      | Found a runed translucent door.
  8515 | D:9      | Found a basalt altar of Yredelemnul.
  8568 | D:9      | Noticed Erolcha
  8580 | D:9      | Killed Erolcha
  8714 | D:9      | Found a bloodstained altar of Trog.
  8714 | D:9      | Found a sacrificial altar of Ru.
  8750 | D:10     | Entered Level 10 of the Dungeon
  8780 | D:9      | Killed a two-headed ogre
  8781 | D:9      | Reached XP level 11. HP: 81/81 MP: 20/20
  8829 | D:9      | Noticed Pikel
  8834 | D:9      | Killed Pikel
  8855 | D:9      | Noticed a two-headed ogre
  9031 | D:9      | Killed a two-headed ogre
  9174 | D:9      | Learned a level 4 spell: Olgreb's Toxic Radiance
  9479 | D:10     | Noticed a two-headed ogre
  9512 | D:10     | Killed a two-headed ogre
  9649 | D:10     | Reached skill level 5 in Poison Magic
  9654 | D:10     | Noticed Lodul
  9666 | D:10     | Killed Lodul
  9960 | D:10     | Reached **** piety under Ashenzari
 10288 | D:10     | Noticed a two-headed ogre
 10293 | D:10     | Killed a two-headed ogre
 10294 | D:10     | Reached XP level 12. HP: 80/92 MP: 22/22
 10376 | D:11     | Noticed a two-headed ogre
 10387 | D:11     | Killed a two-headed ogre
 10668 | D:11     | Found Daqokhle's Armour Shoppe.
 10877 | D:11     | Reached skill level 10 in Fighting
 10948 | D:11     | Noticed an ice dragon
 10948 | D:11     | Noticed a fire giant
 11097 | D:10     | Reached skill level 10 in Unarmed Combat
 11123 | Lair:1   | Entered Level 1 of the Lair of Beasts
 11168 | Lair:1   | Found a dark tunnel.
 11178 | Volcano  | Entered a volcano
 11475 | Volcano  | Learned a level 3 spell: Vhi's Electric Charge
 11497 | Volcano  | Noticed a two-headed ogre
 11512 | Volcano  | Killed a two-headed ogre
 11517 | Volcano  | Reached skill level 1 in Translocations
 11517 | Volcano  | Reached skill level 1 in Air Magic
 11582 | Volcano  | Noticed a two-headed ogre
 11582 | Volcano  | Noticed a fire dragon
 11599 | Volcano  | Killed a two-headed ogre
 11704 | Volcano  | Killed a fire dragon
 11705 | Volcano  | Reached skill level 5 in Spellcasting
 11768 | Volcano  | Reached XP level 13. HP: 79/101 MP: 25/25
 11868 | Lair:1   | Identified the +8 chain mail "Dythra" {rPois}
 11991 | Lair:1   | Found a transporter.
 12003 | Lair:1   | Found a transporter.
 12181 | Lair:1   | Noticed Smoky173's ghost (journeyman DsBe)
 12181 | Lair:1   | Identified the amulet "Bytoal" {Faith Str+3 Slay+3}
 12641 | Lair:1   | Reached ***** piety under Ashenzari
 12665 | Lair:1   | Learned a level 4 spell: Passage of Golubria
 13845 | Lair:3   | Found a hole to the Spider Nest.
 13877 | Lair:3   | Found a staircase to the Shoals.
 13895 | Lair:3   | Noticed Sonja
 13905 | Lair:3   | Killed Sonja
 15014 | Lair:4   | Identified the +7 scimitar "Ogeut" {venom, rC+ Str+2}
 15086 | Lair:4   | Reached XP level 14. HP: 110/110 MP: 29/29
 15717 | Lair:5   | Entered Level 5 of the Lair of Beasts
 15781 | Lair:5   | Noticed Urug
 15793 | Lair:5   | Killed Urug
 16298 | Lair:5   | Reached skill level 5 in Translocations
 16663 | Lair:5   | Reached XP level 15. HP: 99/119 MP: 31/31
 16830 | Lair:5   | Found a staircase to the Slime Pits.
 17488 | Lair:4   | Learned a level 6 spell: Dispersal
 18588 | D:11     | Found a staircase to the Orcish Mines.
 18777 | Orc:1    | Entered Level 1 of the Orcish Mines
 18866 | Orc:2    | Entered Level 2 of the Orcish Mines
 18866 | Orc:2    | Found a gateway to a bazaar.
 18885 | Bazaar   | Entered a bazaar
 18885 | Bazaar   | Found Ulucoqok's Magic Scroll Emporium.
 18885 | Bazaar   | Found Boakkuw's Antique Armour Shoppe.
 18885 | Bazaar   | Found Jafal's General Store.
 18887 | Bazaar   | Found Plog's General Store.
 18913 | Bazaar   | Bought a scroll of fear for 44 gold pieces
 18913 | Bazaar   | Bought a scroll of teleportation for 33 gold pieces
 18913 | Bazaar   | Bought a scroll of teleportation for 33 gold pieces
 18913 | Bazaar   | Bought a scroll of teleportation for 33 gold pieces
 18913 | Bazaar   | Bought a scroll of magic mapping for 82 gold pieces
 18915 | Bazaar   | Bought a scroll of fog for 44 gold pieces
 18930 | Bazaar   | Bought the Almanac of the Voyage and Phlogiston for 576
                  | gold pieces
 19158 | Orc:2    | Noticed Blork the orc
 19164 | Orc:2    | Killed Blork the orc
 19252 | Orc:2    | Reached skill level 10 in Translocations
 19257 | Orc:2    | Noticed an orc warlord
 19283 | Orc:2    | Killed an orc warlord
 19338 | Orc:2    | Found Puwijaic's Jewellery Boutique.
 19421 | Orc:2    | Found Lucrig's General Store.
 19459 | Orc:2    | Found a staircase to the Elven Halls.
 19473 | Orc:2    | Found Gilecw's Antique Armour Boutique.
 19524 | Orc:2    | Found Vaxob's Antique Armour Boutique.
 19538 | Orc:2    | Found Ruathrihe's Antique Weapon Boutique.
 19622 | Orc:2    | Bought a +6 ring of dexterity for 540 gold pieces
 19821 | D:11     | Identified the +1 pair of gloves of Failure {Will+ Regen+
                  | Str+3}
 19969 | D:11     | Identified Ruuc's Tome of Oromancy and Places
 20054 | D:11     | Reached XP level 16. HP: 95/125 MP: 32/32
 20380 | D:11     | Identified the amulet of Rino {RegenMP Str+7}
 21029 | D:12     | Reached skill level 10 in Dodging
 21162 | D:12     | Reached skill level 1 in Summonings
 21604 | D:13     | Reached skill level 1 in Conjurations
 22067 | D:13     | Noticed Rupert
 22421 | D:13     | Learned a level 5 spell: Irradiate
 22490 | D:14     | Found a gate leading to a gauntlet.
 22523 | Gauntlet | Entered a Gauntlet
 22523 | Gauntlet | Found a transporter.
 22533 | Gauntlet | Found a transporter.
 22548 | Gauntlet | Found a transporter.
 22553 | Gauntlet | Found a transporter.
 22568 | Gauntlet | Found a transporter.
 22587 | Gauntlet | Found a transporter.
 22597 | Gauntlet | Identified the +0 helmet of the Hidden Vale {*Corrode rElec
                  | Str+4}
 22599 | Gauntlet | Found a transporter.
 22615 | Gauntlet | Identified the ring of the Howling Genius {Fire rN++ Will-
                  | Str+3}
 22619 | Gauntlet | Found a transporter.
 22619 | Gauntlet | Found a transporter.
 22627 | Gauntlet | Found a transporter.
 22637 | Gauntlet | Found a transporter.
 22638 | Gauntlet | Identified the ring of the Falcon {rCorr Str-5 Dex+3
                  | Slay+4}
 22645 | Gauntlet | Identified the ring "Kucyxepp" {rElec SInv}
 22649 | Gauntlet | Found a transporter.
 22666 | Gauntlet | Found a transporter.
 22684 | Gauntlet | Found a transporter.
 22686 | Gauntlet | Found a transporter.
 22712 | Gauntlet | Found a transporter.
 22714 | Gauntlet | Found a transporter.
 22959 | Gauntlet | Found a transporter.
 23154 | Gauntlet | Identified Sif Muna's Directory of the Cooperative Fjord
 23154 | Gauntlet | Identified Lurynt's Teachings on the Oath and the Sky
 23490 | D:14     | Found a gate to the Vaults.
 24006 | D:14     | Reached skill level 10 in Spellcasting
 24104 | D:14     | Learned a level 7 spell: Dragon Form
 24121 | D:15     | Entered Level 15 of the Dungeon
 24266 | D:15     | Found a frozen archway.
 24534 | IceCv    | Entered an ice cave
 24712 | IceCv    | Reached skill level 10 in Transmutations
 24931 | IceCv    | Reached XP level 17. HP: 132/132 MP: 30/34
 26054 | D:15     | Found a staircase to the Depths.
 26136 | D:15     | Identified the cursed +0 buckler of Panopticon {rC+, Cun,
                  | Melee} (You found it in an ice cave)
 26990 | Spider:1 | Entered Level 1 of the Spider Nest
 27658 | Spider:1 | Identified the +1 cloak of Antique Intercession {Drain
                  | +Blink Fly}
 28060 | Spider:2 | Noticed Jorgrun
 28061 | Spider:2 | Killed Jorgrun
 28068 | Spider:2 | Reached skill level 5 in Summonings
 28184 | Spider:2 | Found the +3 pair of mountain boots {steadfast, rC+}
 28287 | Spider:2 | Found a runed translucent door.
 28288 | Spider:2 | Noticed Regoshi's ghost (adept DsGl)
 28288 | Spider:2 | Identified the +0 leather armour "Vyc Neunk" {+Blink Str+2
                  | Int-4 SInv}
 28517 | Spider:3 | Reached XP level 18. HP: 135/135 MP: 17/35
 29536 | Spider:4 | Entered Level 4 of the Spider Nest
 29621 | Spider:4 | Noticed Mara
 29628 | Spider:4 | Noticed Flugkiller's illusion
 29857 | Spider:4 | Noticed Flugkiller's illusion
 29983 | Spider:4 | Noticed Flugkiller's illusion
 30375 | Spider:4 | Killed Mara
 30529 | Spider:4 | Learned a level 7 spell: Malign Gateway
 30786 | Spider:4 | Reached skill level 10 in Summonings
 30926 | Spider:4 | Got a gossamer rune of Zot
 31306 | Vaults:1 | Entered Level 1 of the Vaults
 31850 | Vaults:1 | Reached XP level 19. HP: 141/141 MP: 26/38
 32789 | Shoals:1 | Entered Level 1 of the Shoals
 32814 | Shoals:1 | Noticed Josephine
 32819 | Shoals:1 | Killed Josephine
 33619 | Shoals:2 | Identified the +8 sling of Fimbulwinter {freeze, rN+}
 33688 | Shoals:2 | Reached skill level 15 in Fighting
 34379 | Shoals:3 | Noticed Bai Suzhen
 34399 | Shoals:3 | Killed Bai Suzhen
 34503 | Shoals:3 | Found Zyacaux's Antique Weapon Shop.
 35140 | Orc:2    | Bought a +5 ring of evasion for 540 gold pieces
 35349 | Shoals:4 | Entered Level 4 of the Shoals
 35582 | Shoals:4 | Noticed Polyphemus
 35589 | Shoals:4 | Reached XP level 20. HP: 146/146 MP: 28/36
 35593 | Shoals:4 | Killed Polyphemus
 35609 | Shoals:4 | Reached skill level 15 in Unarmed Combat
 35845 | Shoals:4 | Found the +3 Mad Mage's Maulers {Infuse+∞ VampMP -Cast}
 36062 | Shoals:4 | Identified the +7 glaive of the Eel {spect, rF+ rN+ MP+9
                  | Dex+3}
 36423 | Shoals:4 | Got a barnacled rune of Zot
 38044 | Elf:1    | Entered Level 1 of the Elven Halls
 38236 | Elf:1    | Reached XP level 21. HP: 156/156 MP: 24/37
 38307 | Elf:1    | Noticed Azrael
 38309 | Elf:1    | Killed Azrael
 38519 | Elf:1    | Noticed Zenata
 38528 | Elf:1    | Killed Zenata
 38930 | Elf:2    | Identified the +6 dagger of Blind Justice {freeze, MP+9
                  | Int+2}
 38936 | Elf:2    | Found a crumbling gateway.
 39125 | Desolati | Entered the Desolation of Salt
 39166 | Desolati | Identified the amulet "Ucreddesoe" {Faith -Tele Will++
                  | Regen+}
 39167 | Desolati | Identified the ring "Esaggin" {rC+ AC+4 Dex+4}
 39343 | Desolati | Identified Voycesus's Directory of Doomed Pyromancy
 39887 | Elf:2    | Found a huge runed translucent gate.
 39887 | Elf:2    | Found a huge runed translucent gate.
 39887 | Elf:2    | Found a huge runed translucent gate.
 39887 | Elf:2    | Found a huge runed translucent gate.
 39892 | Elf:2    | Found a huge runed translucent gate.
 40194 | Elf:3    | Entered Level 3 of the Elven Halls
 40195 | Elf:3    | Paralysed by an air elemental for 1 turns
 40237 | Elf:3    | Found Kydochich's Jewellery Emporium.
 40238 | Elf:3    | Found Baegav's Book Emporium.
 40238 | Elf:3    | Found Asmom's Antique Weapon Shoppe.
 40239 | Elf:3    | Found Hosmuros's Weapon Shoppe.
 40258 | Elf:3    | Bought an Inescapable Atlas for 512 gold pieces
 40268 | Elf:3    | Learned a level 7 spell: Storm Form
 40328 | Elf:3    | Reached skill level 5 in Air Magic
 40386 | Elf:3    | Reached XP level 22. HP: 171/171 MP: 35/38
 40857 | Elf:3    | Identified the Opusculum on Malediction and the Squall
 40859 | Elf:3    | Identified the +10 war axe of Balance {flame, rPois Str+2}
 40870 | Elf:3    | Identified the +6 hand axe of the Onslaught {protect, rCorr
                  | MP-9 Str+2}
 40890 | Elf:3    | Identified the +7 halberd of Ceceaw {drain, rC+ rN+}
 40890 | Elf:3    | Identified the ring of Tempters {rPois Dex+3}
 40894 | Elf:3    | Identified the +0 pair of gloves of the Evening {Int+3}
 40894 | Elf:3    | Identified the +8 mace "Zeluc" {flame, rN+ rCorr Str+2}
 40900 | Elf:3    | Identified the Vademecum on Supportive Injury
 41045 | Elf:3    | Learned a level 4 spell: Manifold Assault
 41635 | Vaults:3 | Found a staircase to the Crypt.
 41635 | Vaults:3 | Found a basalt altar of Yredelemnul.
 41636 | Vaults:3 | Found an ancient bone altar of Kikubaaqudgha.
 41891 | Vaults:3 | Reached skill level 10 in Air Magic
 41937 | Vaults:3 | Found Hokouf's Armour Shoppe.
 41964 | Vaults:3 | Found Poimil's General Store.
 41984 | Vaults:3 | Found Zuvaij's Magic Scroll Emporium.
 41986 | Vaults:3 | Found Ditoeqib's Distillery.
 41996 | Vaults:3 | Bought a potion of resistance for 180 gold pieces
 42104 | Vaults:3 | Reached skill level 10 in Evocations
 42167 | Vaults:3 | Found a runed translucent door.
 42167 | Vaults:3 | Noticed Corraure's ghost (adept FoFi)
 42415 | Vaults:3 | Found Toari's Magic Scroll Shop.
 42524 | Vaults:3 | Killed Corraure's ghost
 42628 | Vaults:4 | Reached XP level 23. HP: 176/176 MP: 35/39
 43365 | Vaults:4 | Identified the +5 ring mail of the Albatross {Int+3 Slay-4}
 43486 | Vaults:4 | Noticed Boris
 43492 | Vaults:4 | Killed Boris
 44037 | Depths:1 | Entered Level 1 of the Depths
 44533 | Depths:1 | Noticed Saint Roka
 44549 | Depths:1 | Killed Saint Roka
 44556 | Depths:1 | Found a one-way gate leading to the halls of Pandemonium.
 44583 | Depths:1 | Noticed Sojobo
 44587 | Depths:1 | Paralysed by an air elemental for 1 turns
 44596 | Depths:1 | Killed Sojobo
 44942 | Depths:1 | Found Taeclel's Antique Weapon Boutique.
 44942 | Depths:1 | Found Xicw's Book Shop.
 44946 | Depths:1 | Found Keigi's General Store.
 45427 | Depths:1 | Found a gateway to Hell.
 46258 | Depths:2 | Reached XP level 24. HP: 183/183 MP: 37/39
 46386 | Depths:2 | Found a runed translucent door.
 46416 | Depths:2 | Identified the +1 helmet of Guagowef {rElec}
 46698 | Depths:2 | Identified the Omnibus of Impulse and Shadows
 46908 | Depths:2 | Found a one-way gate to the infinite horrors of the Abyss.
 46963 | Depths:2 | Found the +6 Majin-Bo {spellvamp, MP+6 Int+6}
 46963 | Depths:2 | Identified the Writings on the Dimensional Wendigo
 47092 | Depths:3 | Noticed Grunn
 47107 | Depths:3 | Killed Grunn
 47118 | Depths:3 | Reached skill level 15 in Air Magic
 47504 | Depths:3 | Identified the Tome of Topomancy and Incineration
 47505 | Depths:3 | Found a runed translucent door.
 47507 | Depths:3 | Noticed a caustic shrike
 47655 | Depths:3 | Killed a caustic shrike
 47709 | Depths:4 | Entered Level 4 of the Depths
 47743 | Depths:4 | Found a one-way gateway to a ziggurat.
 47749 | Depths:4 | Reached skill level 15 in Transmutations
 47862 | Depths:4 | Reached XP level 25. HP: 174/189 MP: 39/39
 47873 | Depths:4 | Found a gate to the Realm of Zot.
 48182 | Depths:4 | Found Etung's Magic Scroll Shoppe.
 48214 | Depths:4 | Found Coitionk's Jewellery Shop.
 48214 | Depths:4 | Found Ellusal's Book Shoppe.
 48215 | Depths:4 | Found Ymoocia's Jewellery Shop.
 48777 | Vaults:5 | Entered Level 5 of the Vaults
 49172 | Vaults:5 | Noticed an ancient lich
 49176 | Vaults:5 | Killed an ancient lich
 49189 | Vaults:5 | Identified the amulet of Peoriej {rC+++ Will- Regen+ Str-4
                  | Stlth+}
 49197 | Vaults:5 | Identified the +4 short sword "Qept" {venom, rN++ SInv
                  | Stlth-}
 49436 | Vaults:5 | Found the +5 Lochaber axe {reach-cleave, Poleaxe Drain}
 49692 | Vaults:5 | Identified the Treatise on Hexes and the Cure
 49736 | Vaults:5 | Identified the amulet of Yduq {Acrobat Harm}
 49741 | Vaults:5 | Identified the +12 dire flail of the Breathing Gods {flame,
                  | rPois rF+ rN+ Dex+3}
 49819 | Vaults:5 | Got a silver rune of Zot
 50336 | Zot:1    | Entered Level 1 of the Realm of Zot
 50483 | Zot:4    | Reached XP level 26. HP: 112/196 MP: 37/39
 51691 | Zot:5    | Entered Level 5 of the Realm of Zot
 51825 | Zot:5    | Noticed a Killer Klown
 51837 | Zot:5    | Killed a Killer Klown
 52108 | Zot:5    | Noticed a dread lich
 52154 | Zot:5    | Killed a dread lich
 52167 | Zot:5    | Noticed a Killer Klown
 52196 | Zot:5    | Killed a Killer Klown
 52216 | Zot:5    | Noticed a Killer Klown
 52223 | Zot:5    | Noticed an ancient lich
 52227 | Zot:5    | Killed a Killer Klown
 52228 | Zot:5    | Noticed an orb of fire
 52229 | Zot:5    | Killed an ancient lich
 52232 | Zot:5    | Gained mutation: You occasionally lose the ability to drink
                  | potions when taking damage. [an orb of fire]
 52239 | Zot:5    | Killed an orb of fire
 52258 | Zot:5    | Noticed an orb of fire
 52259 | Zot:5    | Gained mutation: You are clumsy. (Dex -2) [an orb of fire]
 52270 | Zot:5    | Gained mutation: You sometimes lose the ability to drink
                  | potions when taking damage. [an orb of fire]
 52271 | Zot:5    | Killed an orb of fire
 52375 | Zot:4    | Lost mutation: You sometimes lose the ability to drink
                  | potions when taking damage. [potion of mutation]
 52375 | Zot:4    | Lost mutation: You are clumsy. (Dex -2) [potion of
                  | mutation]
 52375 | Zot:4    | Lost mutation: You occasionally lose the ability to drink
                  | potions when taking damage. [potion of mutation]
 52375 | Zot:4    | Gained mutation: You are robust. (+10% HP) [potion of
                  | mutation]
 52375 | Zot:4    | Gained mutation: You occasionally shout uncontrollably at
                  | your foes. [potion of mutation]
 52468 | Zot:5    | Noticed an ancient lich
 52478 | Zot:5    | Noticed an orb of fire
 52479 | Zot:5    | Noticed an orb of fire
 52484 | Zot:5    | Killed an ancient lich
 52485 | Zot:5    | Gained mutation: You sometimes lose your temper in combat.
                  | [an orb of fire]
 52487 | Zot:5    | Killed an orb of fire
 52488 | Zot:5    | Lost mutation: You are robust. (+10% HP) [an orb of fire]
 52491 | Zot:5    | Killed an orb of fire
 52661 | Zot:4    | Lost mutation: You sometimes lose your temper in combat.
                  | [potion of mutation]
 52661 | Zot:4    | Lost mutation: You occasionally shout uncontrollably at
                  | your foes. [potion of mutation]
 52661 | Zot:4    | Gained mutation: Your magical capacity is low. (-10% MP)
                  | [potion of mutation]
 52661 | Zot:4    | Gained mutation: You are robust. (+10% HP) [potion of
                  | mutation]
 52866 | Zot:5    | Noticed a Killer Klown
 52869 | Zot:5    | Got the Orb of Zot
 53202 | D:9      | Noticed Biaz the pandemonium lord
 53341 | D:1      | gg
 53342 | D:$      | Escaped with the Orb!

Illustrated notes

...#####...................#
....)..+...................#
...#####...........#########
...### #...........######
.....######........'....#
..##.....##........####.#
..##.....>......#### #.#
........#.########## #.#
........#.# #..v..# #.#
........#.# ##...## #.#
........#.####.###.# #.#
.............#8'''8# #.#
..........##.###{######.#
..........2..# #........#
.............# #........#
###..........###........####
.##......#.....#2..........#


Turn 53341 on D:1: gg

Levels and vault maps discovered:
D:1:      saegor_arrival_simple_c, layout_basic,
          shapermc_ecumenical_altar_petra, chequers_serial_rivers_small_b
D:2:      layout_loops_cross, minmay_box_of_dots
D:3:      layout_rooms, serial_shops, nicolae_shop_bloodbath_and_beyond,
          serial_glass, glass_columns_a, glass_columns_c,
          hangedman_abyss_or_decor_lesser_grid
D:4:      layout_basic
D:5:      layout_loops_corners, lemuel_doored_altar, okawaru_metal_pillars_1_2,
          gammafunk_ghost_cemetery
D:6:      layout_gridville, mainiacjoe_overflow_catwalk, roderic_batcave
D:7:      layout_rooms, minmay_temple_entry_drinking_statues, enter_bailey_6,
          gammafunk_ghost_split
D:8:      layout_basic, ebering_ghost_inner_flame, minmay_misc_feat_five,
          minmay_quadrilaterals
D:9:      layout_cross, dk_yredelemnul_ordeal, jmf_multi_god_temple,
          erik_lair_orcish_takeover, uniq_pikel, uniq_erolcha, uniq_erica
D:10:     layout_roguey, uniq_lodul
D:11:     layout_loops_cross, orc_0_dummy, serial_shops, shop,
          nicolae_rejected_hall
D:12:     layout_roguey, serial_rivers, chequers_serial_rivers_room_b,
          chequers_serial_rivers_small_a, chequers_serial_rivers_large_b,
          chequers_serial_rivers_micro_c, chequers_serial_rivers_large_a
D:13:     layout_roguey, uniq_rupert
D:14:     layout_cave_pools, lightli_vaults_fourway_checkpoint,
          minmay_misc_feat_plants, gauntlet_entry_generic,
          grunt_decor_arrowhead, hex_medium
D:15:     hangedman_depths_entry_civil_slaughter, layout_basic,
          hangedman_abyss_or_decor_stagger, portal_ice_cave_entry_ice_simulacra,
          chequers_serial_rivers_small_3
Lair:1:   layout_roguey [special_room_bee], enter_volcano_1,
          gammafunk_ghost_berserking_beasts
Lair:2:   layout_cave_pods, grunt_megastairs_4
Lair:3:   layout_layer_cave, minmay_shoals_entry_centaurs,
          nicolae_spider_entry_non_spiders, lemuel_fruit_fields,
          grunt_megastairs_2, uniq_sonja
Lair:4:   layout_regular_city, roderic_carrion_pond, lemuel_fruit_tree,
          grunt_megastairs_5, serial_bayou_shore_b
Lair:5:   due_jungle_book, layout_gridlike, dpeg_slime_entry_enclosed, uniq_urug
Shoals:1: layout_shoals, uniq_josephine
Shoals:2: layout_shoals
Shoals:3: layout_shoals, serial_shops, shop, uniq_bai_suzhen
Shoals:4: shoals_end_simple, layout_shoals, uniq_polyphemus
Spider:1: layout_spider_delve, hangedman_spider_tarantella_strand
Spider:2: layout_spider_delve, gammafunk_ghost_grave, uniq_jorgrun
Spider:3: layout_chambers, nicolae_spider_bug_shape
Spider:4: hellmonk_spider_rune_bug_friends, uniq_mara
Orc:1:    layout_caves, basic_altar, elf_legates
Orc:2:    grunt_orc_cross, layout_diamond_mine, basic_altar, serial_shops,
          bzr_entry_water, shop
Elf:1:    layout_loops_corners, minivault_28, uniq_azrael, uniq_zenata
Elf:2:    elven_hall_of_blades_hangedman_alternative
          [infiniplex_blade_entry_pillars], layout_rooms,
          portal_desolation_entry_nicolae_nacl
Elf:3:    elf_hall, layout_gridlike, minmay_shoptagon
Vaults:1: nicolae_vaults_big_angled_halls, vaults_room_octagon,
          hangedman_vaults_nodes, nicolae_vaults_little_ls, v_misc_27,
          vaults_standard_mumra_x, vaults_room_door_ring, v_alt_pattern_3,
          vaults_mumra_minichess, nicolae_vaults_little_squares_1,
          hangedman_vaults_trim, layout_vaults_ring
Vaults:2: v_misc_10, v_rooms_1, v_pattern_1, vaults_standard_mumra_lines,
          nicolae_vaults_big_ls, nicolae_vaults_rhombus_5, grunt_vaults_focal,
          hangedman_vaults_stagger, vaults_dpeg_hooks, st_spiral_rooms,
          ontoclasm_vaults_misaligned, layout_vaults_maze
Vaults:3: hellmonk_ghost_happy_afterlife, minmay_crypt_entry_necro_gods,
          v_pattern_2, v_rooms_6, nicolae_vaults_puzzle_piece,
          vaults_dpeg_doors, ontoclasm_vaults_idyll, hangedman_vaults_snaps,
          serial_ice_g, hangedman_vaults_capsules, nicolae_vaults_angled_halls,
          v_alt_pattern_4, ontoclasm_vaults_decontamination,
          grunt_vaults_funnel, layout_vaults_omnibox, serial_shops,
          nicolae_shop_crystal, shop, shop, shop, nicolae_shop_statue_plus
Vaults:4: vaults_room_ringed_pool, nicolae_vaults_network_s,
          hangedman_vaults_hat, grunt_vaults_diagonal, nicolae_vaults_rhombus_6,
          ontoclasm_vaults_claustrophobia, v_alt_pattern_2,
          nicolae_vaults_yaktaur_gun_rack, ontoclasm_vaults_fault,
          layout_vaults_omnicross, uniq_boris
Vaults:5
Depths:1: layout_cave_shapes, nicolae_figureground_pulse, pan_entry,
          grunt_hell_entry_demonic_statue, minmay_starry_boxes,
          minmay_shop_star, uniq_saint_roka, uniq_sojobo
Depths:2: grunt_house_of_mirrors, layout_twisted_cross,
          hangedman_abyss_entry_splay, nrook_mini_vaults,
          grunt_pan_entry_sceptre, hell_entry, minmay_misc_feat_secret_circle,
          minmay_crystal_box
Depths:3: minmay_gate_of_8, layout_cave_pools, pan_entry, serial_bayou_pond_b,
          abyss_entry, hangedman_coc_ice_floe, minmay_staircase_windowed_small,
          uniq_grunn
Depths:4: grunt_zot_entry_bicorn, layout_cave_pools, ziggurat_fallback,
          serial_shops, nicolae_shop_behind_doors, grunt_hell_entry_dis_mu,
          minmay_misc_feat_four_crosses, minmay_shop_grove
Zot:1:    layout_basic, st_single_dragon_hoard_3, not_door_vault_due
Zot:2:    layout_gridlike
Zot:3:    layout_onion_interference, lemuel_elevator
Zot:4:    layout_basic
Zot:5:    layout_onion

Skill      XL: |  1  2  3  4  5  6  7  8  9 10 11 12 13 14 15 16 17 18 19 20 21 22 23 24 25 26 |
---------------+-------------------------------------------------------------------------------+-----
Stealth        | 2 3 |  3.3
Fighting       | 2 3 4 5 7 9 11 13 15 18 20 | 20.0
Poison Magic   | 1 2 3 5 |  5.6
Spellcasting   | 3 4 5 7 8 9 10 12 | 12.7
Transmutations | 3 4 5 10 11 12 15 17 19 | 19.9
Evocations     | 1 4 5 7 8 9 10 12 | 12.0
Dodging        | 3 5 6 7 8 9 10 14 | 14.5
Unarmed Combat | 4 5 7 9 10 12 13 14 15 17 18 | 18.0
Ice Magic      | 4 5 |  5.0
Translocations | 2 4 5 10 11 12 | 12.7
Air Magic      | 2 4 5 11 13 15 18 20 | 20.3
Summonings     | 1 6 11 12 | 12.6
Conjurations   | 3 4 |  4.8

Action                     |  1- 3 |  4- 6 |  7- 9 | 10-12 | 13-15 | 16-18 | 19-21 | 22-24 | 25-27 || total
---------------------------+-------+-------+-------+-------+-------+-------+-------+-------+-------++-------
  Melee: Unarmed           |    60 |    99 |   191 |   274 |   552 |   779 |   737 |   726 |   431 ||  3849
         Tentacles         |    11 |     4 |     5 |     2 |     2 |     4 |     3 |     2 |     2 ||    35
         Constrict         |    11 |    13 |     7 |     3 |     1 |     1 |     2 |       |     2 ||    40
         Kick              |     9 |     9 |     5 |       |       |       |       |       |       ||    23
         Punch             |     1 |     1 |       |     3 |       |    36 |    98 |   110 |    90 ||   339
         Tailslap          |       |       |       |       |       |    50 |   133 |    30 |     2 ||   215
         Bite              |       |       |       |       |       |    34 |    83 |    12 |     2 ||   131
         Staff             |       |       |       |       |       |       |       |     1 |     2 ||     3
   Cast: Beastly Appendage |    21 |    15 |     6 |       |       |       |       |       |       ||    42
         Spider Form       |       |    10 |    25 |    20 |     9 |    24 |       |       |       ||    88
         Ice Form          |       |       |     5 |    23 |    62 |    26 |       |       |       ||   116
         Olgreb's Toxic Ra |       |       |       |    45 |   108 |    18 |    12 |     4 |       ||   187
         Frozen Ramparts   |       |       |       |     5 |    13 |     1 |       |       |       ||    19
         Vhi's Electric Ch |       |       |       |       |    26 |   180 |   197 |   142 |   117 ||   662
         Passage of Golubr |       |       |       |       |     1 |     1 |     1 |       |       ||     3
         Irradiate         |       |       |       |       |       |    20 |     5 |     3 |       ||    28
         Dispersal         |       |       |       |       |       |     2 |       |       |       ||     2
         Dragon Form       |       |       |       |       |       |    42 |    58 |    12 |     3 ||   115
         Storm Form        |       |       |       |       |       |       |       |    36 |    41 ||    77
         Wereblood         |       |       |       |       |       |       |       |     2 |     5 ||     7
 Invoke: Curse Item        |       |       |     5 |     3 |     1 |     5 |       |     1 |       ||    15
         Shatter the Chain |       |       |       |       |     1 |     3 |     2 |       |       ||     6
Ability: End Transformatio |       |       |       |     1 |     3 |     4 |     3 |     1 |       ||    12
         Blinkbolt         |       |       |       |       |       |       |       |       |     1 ||     1
  Evoke: Wand              |       |       |     3 |     8 |       |     1 |       |       |     1 ||    13
         Phial of floods   |       |       |       |     1 |       |       |       |       |       ||     1
         Tin of tremorston |       |       |       |       |       |       |     2 |     2 |       ||     4
    Use: Scroll            |       |     5 |     1 |     1 |       |     7 |     2 |     2 |     3 ||    21
         Potion            |       |     1 |       |     1 |       |     2 |       |       |     4 ||     8
   Stab: Sleeping          |    13 |    14 |     4 |     4 |     8 |     1 |       |     7 |     2 ||    53
         Paralysed         |       |       |       |     6 |       |       |       |       |       ||     6
         Distracted        |       |       |       |       |     1 |     1 |       |       |       ||     2
 Armour: Skin              |     7 |     2 |    14 |    34 |    67 |   166 |   131 |    98 |    29 ||   548
  Dodge: Dodged            |    32 |    55 |   134 |   223 |   248 |   647 |   617 |   747 |   348 ||  3051
  Block: Buckler           |       |       |       |       |       |       |     2 |     1 |       ||     3

Table legend: (Time is in decaauts)
 A = Elapsed time spent in this place.
 B = Non-inter-level travel time spent in this place.
 C = Inter-level travel time spent in this place.
 D = Time resting spent in this place.
 E = Time spent auto-exploring this place.
 F = Levels seen in this place.
 G = Mean time per level.
                   A        B        C        D        E       F      G
               +--------+--------+--------+--------+--------+-----+--------+
         Total |  52509 |  46795 |   5714 |  10209 |  24135 |  53 |  990.7 |
       Dungeon |  18071 |  15313 |   2758 |   3435 |   7585 |  15 | 1204.7 |
          Lair |   7276 |   6541 |    735 |   1767 |   3452 |   5 | 1455.2 |
        Shoals |   3326 |   3076 |    250 |    240 |   2153 |   4 |  831.5 |
   Spider Nest |   3920 |   3758 |    162 |    837 |   2030 |   4 |  980.0 |
  Orcish Mines |    975 |    747 |    228 |     80 |    417 |   2 |  487.5 |
   Elven Halls |   2486 |   2282 |    204 |    335 |   1325 |   3 |  828.7 |
        Vaults |   6257 |   5345 |    912 |    701 |   3339 |   5 | 1251.4 |
        Depths |   4101 |   3822 |    279 |    888 |   2156 |   4 | 1025.2 |
           Zot |   2558 |   2377 |    181 |    882 |    730 |   5 |  511.6 |
        Bazaar |     54 |     54 |      0 |      0 |     10 |   1 |   54.0 |
        Bailey |    180 |    180 |      0 |     90 |      0 |   1 |  180.0 |
      Ice Cave |   1326 |   1326 |      0 |    586 |    257 |   1 | 1326.0 |
       Volcano |    581 |    581 |      0 |    162 |     19 |   1 |  581.0 |
    Desolation |    619 |    619 |      0 |     16 |    326 |   1 |  619.0 |
      Gauntlet |    773 |    773 |      0 |    188 |    336 |   1 |  773.0 |
               +--------+--------+--------+--------+--------+-----+--------+

Top non-repeatable levels by time:
  Lair:5: 2259 daAuts
    D:11: 1921 daAuts
Vaults:1: 1770 daAuts
     D:8: 1740 daAuts
Spider:3: 1655 daAuts
    D:10: 1573 daAuts
  Lair:3: 1469 daAuts
Depths:1: 1440 daAuts
    D:13: 1403 daAuts
   Zot:4: 1396 daAuts
    D:15: 1385 daAuts
     D:5: 1383 daAuts
     D:9: 1338 daAuts
   IceCv: 1326 daAuts
  Lair:2: 1266 daAuts
